 Dungeon Crawl Stone Soup version 0.30-b1-7-gcb88a99046 (webtiles) character file.

Game seed: 8278504594911334412

3594 safid the Frost Mage (level 10, -2/76 (82) HPs)
             Began as a Merfolk Ice Elementalist on May 5, 2023.
             Slain by a wight
             ... wielding a +0 mace
              (8 damage)
             ... on level 8 of the Dungeon.
             The game lasted 00:15:47 (8902 turns).

safid the Frost Mage (Merfolk Ice Elementalist)     Turns: 8902, Time: 00:15:47

HP:   -2/76 (82)    AC: 14    Str:  8    XL:     10   Next: 10%
MP:   12/21         EV: 13    Int: 26    God:
Gold: 0             SH:  0    Dex: 14    Spells: 17/24 levels left

rFire   . . .        o - +9 glaive of Welfare {freeze, *Noise rElec rPois}
rCold   . . .        (shield currently unavailable)
rNeg    . . .        v - +2 robe {Will+}
rPois   +            a - +0 hat
rElec   +            (no cloak)
rCorr   .            (no gloves)
SInv    +            y - +0 pair of boots
Will    +....        (no amulet)
Stlth   ++           w - +6 ring of intelligence
HPRegen 0.32/turn    j - ring of see invisible
MPRegen 0.17/turn

%: no passive effects
@: ice-armoured, freezing walls, drained, invisible
A: (nimble swimmer 2), mertail
a: no special abilities


You were on level 8 of the Dungeon.
You visited 2 branches of the dungeon, and saw 9 of its levels.

You collected 65 gold pieces.
You spent 65 gold pieces at shops.

Inventory:

Hand Weapons
 o - the +9 glaive of Welfare (weapon) {freeze, *Noise rElec rPois}
   (You found it on level 7 of the Dungeon)

   rElec:     It insulates you from electricity.
   rPois:     It protects you from poison.
   *Noise:    It may make noises in combat.
Armour
 a - a +0 hat (worn)
 v - a +2 robe of willpower (worn)
 y - a +0 pair of boots (worn)
Jewellery
 j - a ring of see invisible (right hand)
 w - a +6 ring of intelligence (left hand)
Wands
 m - a wand of roots (8)
 t - a wand of flame (19)
Scrolls
 c - 9 scrolls of teleportation
 e - a scroll of enchant armour {unknown}
 i - 2 scrolls of blinking
 l - a scroll of fear {unknown}
 r - a scroll of torment {unknown}
 s - a scroll of fog {unknown}
 z - a scroll of enchant weapon
Potions
 d - 2 potions of haste {unknown}
 f - a potion of heal wounds {unknown}
 g - 2 potions of invisibility
 h - a potion of resistance {unknown}
 k - 2 potions of curing
 n - a potion of flight {unknown}
 p - 4 potions of brilliance {unknown}
 q - 3 potions of degeneration {unknown}
 u - a potion of attraction {unknown}


   Skills:
 + Level 8.8 Fighting
 + Level 3.3 Dodging
 - Level 2.1 Stealth
 + Level 7.7 Spellcasting
 + Level 10.0 Ice Magic


You had 17 spell levels left.
You knew the following spells:

 Your Spells              Type           Power      Damage    Failure   Level
a - Freeze                Ice            100%       1d10      1%          1
b - Frozen Ramparts       Ice            100%       1d16      1%          3
c - Ozocubu's Armour      Ice            58%        N/A       1%          3

Your spell library contained the following spells:

 Spells                   Type           Power      Damage    Failure   Level
 Summon Ice Beast         Ice/Summ       36%        N/A       8%          4
 Inner Flame              Hex/Fire       10%        N/A       17%         3
 Flame Wave               Conj/Fire      10%        2d6       50%         4
 Sticky Flame             Conj/Fire      10%        2d3       50%         4
 Yara's Violent Unravell  Hex/Tmut       5%         3d4       85%         5
 Enfeeble                 Hex            5%         N/A       100%        7


Dungeon Overview and Level Annotations

Branches:
Dungeon (8/15)             Temple (1/1) D:5
   Lair: D:8-11

Altars:
Ashenzari
Cheibriados
Dithmenos
Elyvilon
Fedhas
Gozag
Hepliaklqana
Kikubaaqudgha
Makhleb
Qazlal
Ru
Sif Muna
Uskayaw
Wu Jian
Xom
Yredelemnul
Zin
The Shining One

Shops:
D:3 (=[   D:5 ?

Annotations:
D:3 3 runed translucent doors, ChrisAssaf's ghost, weakling HOFE
D:8 Maurice


Innate Abilities, Weirdness & Mutations

((You are very nimble when in or above water. (Stealth+, EV+, Speed+++)))
Your lower body shifts to a powerful aquatic tail in water.


Message History

A film of ice covers your body!
The wight resists.
The wall freezes the wight.
The wight hits you with a +2 dire flail.
* * * LOW HITPOINT WARNING * * *
The wight resists.
The wall freezes the wight.
The wight hits you with a +2 dire flail.
* * * LOW HITPOINT WARNING * * *
You feel drained.
Unknown command.
You slash the wight!
You destroy the wight!
The wight completely resists.
The wall freezes the wight but does no damage.
Unknown command.
You barely miss the wight.
The wall freezes the wight but does no damage.
The wight misses you.
The wight completely resists.
The wall freezes the wight but does no damage. x2
The wight hits you with a +0 great sword.
* * * LOW HITPOINT WARNING * * *
You feel drained.
* * * LOW HITPOINT WARNING * * *
The wight resists.
The wall freezes the wight.
The wight barely misses you.
You closely miss the wight.
The wight is lightly damaged.
The wight resists.
The wall freezes the wight.
The wight hits you with a +0 mace.
* * * LOW HITPOINT WARNING * * *
The wall freezes the wight but does no damage.
The wight hits you with a +0 great sword.
* * * LOW HITPOINT WARNING * * *
You feel drained.
The wall freezes the wight but does no damage.
The wight hits you with a +0 mace.
* * * LOW HITPOINT WARNING * * *
The wight resists.
The wall freezes the wight.
The wight misses you.
It was a potion of invisibility.
You fade into invisibility!
The wall freezes the wight but does no damage.
The wight hits you with a +0 mace!
You die...

####.## ##. ##.....####
#. ##.. #.........## #..
#..# #####..#...<...#
...##..# #.....#
#......## ........
#.##..###).##...##
#.......
#.###..#.)###....##..
#.......
####..##.....##..#......
#.......
#...............@z....##
.......<
#...##..)......##z..#.#
.###....
#..####..._...## #.## #
#.... #...##.........#
..# .:....
#................ ..#
...#....
#.##..##.....##.g. z.
#.......
#....###..#..###.. .# #
..##.. ###..##..###..##.
## ..# #..
###......###....


You could see 3 wights.

Vanquished Creatures
  Pikel (D:4)
  Sigmund (D:4)
  2 steam dragons (D:6)
  3 water moccasins
  An acid dragon (D:8)
  An orc warrior (D:7)
  A sky beast (D:6)
  An ice beast (D:7)
  3 black bears
  3 ogres
  A centaur (D:7)
  A kobold brigand (D:8)
  A lemure (D:4)
  A bullfrog (D:6)
  2 scorpions
  6 wights
  A howler monkey (D:7)
  A jelly (D:6)
  3 orc priests (D:5)
  A gnoll bouda (D:6)
  4 sleepcaps
  Terence (D:3)
  3 iguanas
  7 orc wizards
  5 gnolls
  7 adders
  3 white imps
  An ufetubus (D:5)
  A worm (D:3)
  20 orcs
  16 ball pythons
  7 endoplasms
  3 giant cockroaches
  5 goblins
  8 hobgoblins
  2 jackals (D:1)
  8 kobolds
  3 quokkas
  8 bats
  6 frilled lizards
  9 rats
162 creatures vanquished.

Notes
Turn   | Place    | Note
-------+----------+-------------------------------------------
     0 | D:1      | safid the Merfolk Ice Elementalist began the quest for the
                  | Orb.
     0 | D:1      | Reached XP level 1. HP: 13/13 MP: 3/3
   227 | D:1      | Reached XP level 2. HP: 18/20 MP: 1/5
   283 | D:1      | Reached skill level 1 in Fighting
   723 | D:1      | Reached XP level 3. HP: 23/26 MP: 0/6
  1422 | D:2      | Found a faded altar of an unknown god.
  1455 | D:2      | Reached skill level 5 in Ice Magic
  1559 | D:2      | Found a hazy altar of Hepliaklqana.
  1959 | D:2      | Reached XP level 4. HP: 28/33 MP: 5/7
  2158 | D:3      | Noticed Terence
  2215 | D:3      | Killed Terence
  2220 | D:3      | Learned a level 3 spell: Frozen Ramparts
  2224 | D:3      | Learned a level 3 spell: Ozocubu's Armour
  2512 | D:3      | Found Huklof's Antique Armour Shoppe.
  2597 | D:3      | Reached XP level 5. HP: 33/39 MP: 6/9
  2882 | D:3      | Found a runed translucent gate.
  2882 | D:3      | Found a runed translucent gate.
  2882 | D:3      | Found a runed translucent gate.
  2883 | D:3      | Noticed ChrisAssaf's ghost (weakling HOFE)
  2888 | D:3      | Found Ucwitt's Weapon Shop.
  2912 | D:3      | Found Lyafakai's Jewellery Shoppe.
  3432 | D:4      | Noticed a black bear
  3463 | D:4      | Killed a black bear
  3464 | D:4      | Reached XP level 6. HP: 47/47 MP: 1/11
  3618 | D:4      | Reached skill level 6 in Ice Magic
  3738 | D:4      | Noticed a black bear
  3755 | D:4      | Killed a black bear
  3881 | D:4      | Found a hide-covered altar of Uskayaw.
  3968 | D:4      | Found an ancient bone altar of Kikubaaqudgha.
  4342 | D:4      | Reached XP level 7. HP: 37/55 MP: 6/13
  4483 | D:4      | Noticed Sigmund
  4489 | D:4      | Killed Sigmund
  4539 | D:4      | Found a burning altar of Makhleb.
  4546 | D:4      | Found a shimmering blue altar of Sif Muna.
  4647 | D:4      | Noticed Pikel
  4665 | D:4      | Killed Pikel
  4666 | D:4      | Reached skill level 5 in Fighting
  4666 | D:4      | Reached skill level 5 in Spellcasting
  4666 | D:4      | Reached skill level 7 in Ice Magic
  4666 | D:4      | Reached XP level 8. HP: 38/64 MP: 0/16
  4793 | D:4      | Found a stormy altar of Qazlal.
  5157 | D:5      | Entered Level 5 of the Dungeon
  5237 | D:5      | Found Qanaufuph's Magic Scroll Boutique.
  5242 | D:5      | Bought a scroll of teleportation for 39 gold pieces
  5242 | D:5      | Bought a scroll of identify for 26 gold pieces
  5524 | D:5      | Reached skill level 8 in Ice Magic
  5656 | D:5      | Found a staircase to the Ecumenical Temple.
  5676 | Temple   | Entered the Ecumenical Temple
  6015 | D:5      | Found a broken altar of Ashenzari.
  6220 | D:6      | Found an opulent altar of Gozag.
  6228 | D:6      | Reached XP level 9. HP: 62/71 MP: 14/18
  6620 | D:6      | Reached skill level 9 in Ice Magic
  6925 | D:6      | Found a glowing silver altar of Zin.
  7872 | D:7      | Identified the +9 glaive of Welfare {freeze, *Noise rElec
                  | rPois}
  8745 | D:7      | Reached XP level 10. HP: 76/82 MP: 17/21
  8818 | D:8      | Noticed Maurice
  8841 | D:8      | Reached skill level 10 in Ice Magic
  8863 | D:8      | Found a shadowy altar of Dithmenos.
  8902 | D:8      | Slain by a wight

Illustrated notes

Levels and vault maps discovered:
D:1:      minmay_arrival_glassed_features, layout_loops_ring
D:2:      layout_loops_cross, basic_altar, hellmonk_ecumenical_altar_lost_god,
          minmay_misc_feat_nine_boxes, st_stairs_3
D:3:      layout_loops_ring, serial_shops, nicolae_diamond_shop, shop, shop,
          gammafunk_ghost_split, uniq_terence
D:4:      layout_layer_cave, nicolae_uskayaw_murder_on_the_dancefloor,
          kennysheep_mini, grunt_qazlal_sundering,
          amethyst_overflow_temple_binary, minmay_door_square, uniq_pikel,
          uniq_sigmund
D:5:      layout_rooms, marbit_many_paths, minmay_temple_entry_overgrown,
          serial_shops, nicolae_shop_trees, minivault_11
D:6:      layout_layer_cave, hangedman_feature_mirror, minmay_misc_feat_tiny,
          minmay_misc_feat_chi
D:7:      layout_basic
D:8:      layout_cave_pools, nicolae_overflow_hidden_temple,
          nicolae_dithmenos_shadow_blocks, enter_bailey_7, uniq_maurice
Temple:   bh_familiar_temple

Skill      XL: |  1  2  3  4  5  6  7  8  9 10 |
---------------+-------------------------------+-----
Fighting       | 1 2 3 4 5 6 8 |  8.8
Ice Magic      | 5 6 7 8 9 10 | 10.0
Spellcasting   | 3 4 5 6 7 |  7.7
Dodging        | 3 |  3.3
Stealth        | |  2.1

Action                     |  1- 3 |  4- 6 |  7- 9 | 10-12 || total
---------------------------+-------+-------+-------+-------++-------
  Melee: Unarmed           |     3 |       |       |       ||     3
         Whip              |    45 |     3 |       |       ||    48
         Punch             |     1 |       |     2 |       ||     3
         Flail             |       |    47 |    36 |       ||    83
         Glaive            |       |       |    31 |    13 ||    44
   Cast: Freeze            |    47 |    48 |    42 |       ||   137
         Frozen Ramparts   |       |     9 |    29 |     5 ||    43
         Ozocubu's Armour  |       |     5 |    21 |     3 ||    29
    Use: Potion            |       |     2 |       |     1 ||     3
         Scroll            |       |       |     6 |     1 ||     7
   Stab: Sleeping          |     4 |     2 |       |       ||     6
 Armour: Robe              |    17 |    36 |    40 |     8 ||   101
  Dodge: Dodged            |    56 |    98 |    98 |    23 ||   275
